 Dungeon Crawl Stone Soup version 0.28.0 (webtiles) character file.

Game seed: 4296009674470546125

143 willcat the Sneak (level 5, -8/32 HPs)
             Began as a Kobold Delver on Feb 4, 2022.
             Was an Initiate of Okawaru.
             Mangled by an ogre (29 damage)
             ... on level 6 of the Dungeon.
             The game lasted 00:01:24 (636 turns).

willcat the Sneak (Kobold Delver)                    Turns: 636, Time: 00:01:24

Health: -8/32      AC:  3    Str:  9    XL:     5   Next: 50%
Magic:  5/5        EV: 15    Int: 14    God:    Okawaru [......]
Gold:   9          SH:  0    Dex: 16    Spells: 4/4 levels left

rFire   . . .      SeeInvis .   a - +0 short sword
rCold   . . .      Faith    .   (no shield)
rNeg    . . .      Spirit   .   b - +0 leather armour
rPois   .          Reflect  .   (no helmet)
rElec   .          Harm     .   (no cloak)
rCorr   .          Rampage  .   (no gloves)
Will    .....                   (no boots)
Stlth   ++++......              (no amulet)
HPRegen 0.10/turn               (no ring)
MPRegen 0.09/turn               (no ring)

@: no status effects
A: small, no large weapons, nightstalker 3
a: Renounce Religion


You were on level 6 of the Dungeon.
You worshipped Okawaru.
Okawaru was noncommittal.
You visited 1 branch of the dungeon, and saw 2 of its levels.

You collected 9 gold pieces.

Inventory:

Hand Weapons
 a - a +0 short sword (weapon)
Armour
 b - a +0 leather armour (worn)
Wands
 g - a wand of digging (3)
 i - a wand of flame (7)
Scrolls
 c - a scroll of fog
 d - a scroll of magic mapping
 e - a scroll of fear
 k - a scroll of enchant weapon {unknown}
Potions
 f - a potion of haste
 h - a potion of heal wounds {unknown}
 j - a potion of brilliance {unknown}


   Skills:
 - Level 3.2 Fighting
 + Level 3.9 Short Blades
 + Level 1.5 Armour
 + Level 3.5 Dodging
 + Level 7.3 Stealth
 + Level 2.3 Evocations


You had 4 spell levels left.
You didn't know any spells.
Your spell library was empty.

Dungeon Overview and Level Annotations

Branches:
Dungeon (6/15)
 Temple: D:4-7

Altars:
Okawaru
Vehumet


Innate Abilities, Weirdness & Mutations

You are small and have problems with some larger weapons.
You are completely attuned to the shadows.


Message History

You impale the adder!!
You kill the adder!
Okawaru accepts your kill.
You see here an adder corpse.
Found a scroll labelled FARYEM ZAC QIP.
You see here a +0 hunting sling.
k - a scroll labelled FARYEM ZAC QIP
There is an open door here.
There is an open door here.
Aiming: Throw Flame
Press: ? - help, Shift-Dir - straight line, f - ogre
Aim: an ogre, wielding a +0 giant spiked club (86% to hit)
The puff of flame hits the ogre!
The ogre is moderately wounded.
Unknown command.
Aiming: Throw Flame
Press: ? - help, Shift-Dir - straight line, f/p - ogre
Aim: an ogre, wielding a +0 giant spiked club (moderately wounded, 86% to hit)
The puff of flame hits the ogre.
The ogre is heavily wounded.
The ogre hits you with a +0 giant spiked club!
Unknown command.
Aiming: Throw Flame
Press: ? - help, Shift-Dir - straight line, f/p - ogre
Aim: an ogre, wielding a +0 giant spiked club (heavily wounded, 86% to hit)
The puff of flame hits the ogre.
The ogre is heavily wounded.
Aiming: Throw Flame
Press: ? - help, Shift-Dir - straight line, f/p - ogre
Aim: an ogre, wielding a +0 giant spiked club (heavily wounded, 86% to hit)
The puff of flame misses the ogre.
The ogre barely misses you.
Unknown command.
Aiming: Throw Flame
Press: ? - help, Shift-Dir - straight line, f/p - ogre
Aim: an ogre, wielding a +0 giant spiked club (heavily wounded, 86% to hit)
The puff of flame hits the ogre!
The ogre is almost dead.
The ogre hits you with a +0 giant spiked club!!
Ouch! That really hurt!
You die...

#.........#...'..J.
#...##
#........†#...#....
#....#
#.........'...#.O..
#....#
#.........#...##...
######
###########...#####
#.....# #.....#
#.O...# #.@...#
##...## #...#
.....# .....#


You could see an ogre.

Vanquished Creatures
  An ogre (D:6)
  A howler monkey (D:6)
  2 adders (D:6)
  A hobgoblin (D:6)
5 creatures vanquished.

Notes
Turn   | Place    | Note
-------+----------+-------------------------------------------
     0 | D:5      | willcat the Kobold Delver began the quest for the Orb.
     0 | D:5      | Reached XP level 1. HP: 14/14 MP: 1/1
     3 | D:6      | Found a radiant altar of Vehumet.
    77 | D:6      | Noticed a howler monkey
    78 | D:6      | Found an iron altar of Okawaru.
    84 | D:6      | Killed a howler monkey
    85 | D:6      | Reached skill level 1 in Evocations
    85 | D:6      | Reached XP level 2. HP: 10/19 MP: 2/2
    85 | D:6      | Reached XP level 3. HP: 12/23 MP: 3/3
   248 | D:6      | Became a worshipper of Warmaster Okawaru
   282 | D:6      | Reached skill level 1 in Armour
   282 | D:6      | Reached skill level 7 in Stealth
   282 | D:6      | Reached XP level 4. HP: 20/28 MP: 4/4
   430 | D:6      | Noticed an ogre
   437 | D:6      | Killed an ogre
   438 | D:6      | Reached XP level 5. HP: 20/32 MP: 5/5
   592 | D:6      | Noticed a phantom
   594 | D:6      | Noticed an ogre
   636 | D:6      | Mangled by an ogre

Illustrated notes

Levels and vault maps discovered:
D:5:      layout_gridville, mainiacjoe_overflow_big_doors
D:6:      layout_gridville, fedhas_altar_2, vehumet_altar_wand_db,
          nicolae_ru_path_of_blood, okawaru_ov_weapons_minmay, serial_shops,
          nicolae_diamond_shop, uniq_prince_ribbit1, uniq_sigmund

Skill      XL: |  1  2  3  4 |
---------------+-------------+-----
Short Blades   | 3 |  3.9
Dodging        | 3 |  3.5
Evocations     | 1 2 |  2.3
Armour         | 1 |  1.5
Stealth        | 7 |  7.3
Fighting       | |  3.2

Action                   |  1- 3 |  4- 6 || total
-------------------------+-------+-------++-------
Melee: Short sword       |     8 |     2 ||    10
Evoke: Wand              |     6 |     6 ||    12
 Stab: Sleeping          |     1 |     2 ||     3
Dodge: Dodged            |     8 |     1 ||     9
